 Dungeon Crawl Stone Soup version 0.31-a0-237-g2d982f9f85 (webtiles) character file.

Game seed: 15910591212325732123

165 qw the Shooter (level 5, -7/41 HPs)
             Began as a Minotaur Hexslinger on July 10, 2023.
             Mangled by an orc
             ... wielding a +0 heavy flail
              (8 damage)
             ... on level 3 of the Dungeon.
             The game lasted 00:00:54 (2382 turns).

qw the Shooter (Minotaur Hexslinger)                Turns: 2382, Time: 00:00:55

Health: -7/41      AC:  6    Str: 12    XL:     5   Next: 21%
Magic:  0/5        EV: 11    Int: 10    God:
Gold:   200        SH:  0    Dex: 22    Spells: 5/6 levels left

rFire   . . .        Y - +1 sling
rCold   . . .        (no shield)
rNeg    . . .        g - +0 ring mail of Rotation {Dex+7}
rPois   .            (helmet restricted)
rElec   .            h - +0 cloak
rCorr   .            (no gloves)
SInv    .            (no boots)
Will    .....        j - amulet of guardian spirit
Stlth   +            (no ring)
HPRegen 0.26/turn    (no ring)
MPRegen 0.09/turn

%: guardian spirit
@: no status effects
A: horns 2, retaliatory headbutt
a: no special abilities


You were on level 3 of the Dungeon.
You visited 1 branch of the dungeon, and saw 3 of its levels.

You collected 200 gold pieces.


Innate Abilities, Weirdness & Mutations

You have a pair of horns on your head.
You reflexively headbutt those who attack you in melee.


   Skills:
 + Level 2.2 Fighting
 - Level 5.6 Ranged Weapons
 - Level 1.0 Armour
 - Level 2.1 Dodging
 - Level 1.0 Spellcasting
 - Level 2.0 Hexes


You had 5 spell levels left.
You knew the following spells:

 Your Spells              Type           Power      Damage    Failure   Level
a - Slow                  Hex            16%        N/A       34%         1

Your spell library contained the following spells:

 Spells                   Type           Power      Damage    Failure   Level
 Inner Flame              Hex/Fire       2%         N/A       83%         3
 Portal Projectile        Hex/Tloc       4%         N/A       83%         3
 Cause Fear               Hex            2%         N/A       98%         4

Inventory:

Hand Weapons
 Y - a +1 sling (weapon)
Armour
 g - the +0 ring mail of Rotation (worn) {Dex+7}
   (You found it on level 2 of the Dungeon)

   Dex:       It affects your dexterity (+7).
 h - a +0 cloak (worn)
 r - a +0 pair of boots
Jewellery
 j - an amulet of guardian spirit (around neck)
 q - a ring of willpower
Scrolls
 c - a scroll of identify
 o - a scroll of enchant weapon {unknown}
 p - a scroll of fog {unknown}
Potions
 a - a potion of magic {unknown}
 b - a potion of resistance {unknown}
 d - a potion of mutation {unknown}
 f - 3 potions of might {unknown}
 i - a potion of attraction {unknown}
 k - a potion of degeneration {unknown}
 m - a potion of brilliance {unknown}
 n - a potion of enlightenment {unknown}

Dungeon Overview and Level Annotations

Branches:
Dungeon (3/15)

Altars:


Message History

The orc priest hits you with a +0 dagger.
2377 ||| DRINKING potion of curing.
You feel better.
2377 ||| (to cure confusion)
The orc priest calls down the wrath of Beogh upon you.
Beogh smites you!
The orc wizard hits you but does no damage.
The orc barely misses you.
You shoot a sling bullet.
The sling bullet hits the orc wizard but does no damage.
The orc wizard is severely wounded.
The orc priest calls upon Beogh to heal the orc wizard.
The orc wizard is healed somewhat.
The orc wizard barely misses you. The orc hits you with a +0 heavy flail!
The orc priest hits you but does no damage.
The orc wizard casts a spell at you. The magic dart hits you!
2379 ||| DRINKING potion of heal wounds.
You feel much better.
The orc wizard hits you with a +0 dagger.
The orc priest barely misses you. You furiously retaliate!
You headbutt the orc priest. You shoot a sling bullet.
The sling bullet hits the orc priest.
The orc priest is heavily wounded.
The orc barely misses you.
The orc wizard hits you with a +0 dagger.
The orc priest calls down the wrath of Beogh upon you.
Beogh smites you!
You shoot a sling bullet. The sling bullet hits the orc priest.
The orc priest is almost dead.
The orc completely misses you.
The orc wizard gestures at you while chanting.
The magic dart hits you.
The orc priest invokes the aid of Beogh against you.
Beogh smites you!
You shoot a sling bullet.
The sling bullet barely misses the orc priest.
The orc priest hits you but does no damage.
The orc wizard hits you with a +0 dagger.
The orc hits you with a +0 heavy flail!
You die...

# ###
#####.##########
#.[............#
###
#.###.########>#
.. #.# ### #.#
.# #.# #.##o###
#.# #..@o%.# #.#
####o#.# #.## o#
...# .. .#.# ##.
...# .. ##.# #.
...# .# ##.#


You could see an orc priest, an orc wizard and 2 orcs.

Vanquished Creatures
  A scorpion (D:3)
  4 adders
  2 worms
  2 orcs (D:3)
  3 ball pythons (D:1)
  5 bats
  6 giant cockroaches
  4 goblins
  5 hobgoblins
  10 jackals
  5 quokkas
  A frilled lizard (D:3)
  5 kobolds
  4 rats
57 creatures vanquished.

Notes
Turn   | Place    | Note
-------+----------+-------------------------------------------
     0 | D:1      | qw the Minotaur Hexslinger began the quest for the Orb.
     0 | D:1      | Reached XP level 1. HP: 16/16 MP: 1/1
     0 | D:1      | 0 ||| qw: Version: 0.3-a-52-g30416fa
     0 | D:1      | 0 ||| qw: Game counter: 5047
     0 | D:1      | 0 ||| qw: Melee chars always use a shield: true
     0 | D:1      | 0 ||| qw: God list: Okawaru
     0 | D:1      | 0 ||| qw: Allow faded altars: false
     0 | D:1      | 0 ||| qw: Do Orc after clearing Dungeon:15 true
     0 | D:1      | 0 ||| qw: Do second Lair branch before Depths: true
     0 | D:1      | 0 ||| qw: Lair rune preference: random
     0 | D:1      | 0 ||| qw: Goals: Normal
     0 | D:1      | 0 ||| PLANNING D:1-11
   135 | D:1      | You fall into a shaft and drop 1 floor!
   139 | D:2      | 139 ||| DRINKING 2 sapphire potions.
   140 | D:2      | 140 ||| DROPPING scroll of poison.
   253 | D:1      | Found a faded altar of an unknown god.
   295 | D:1      | Reached skill level 3 in Ranged Weapons
   334 | D:1      | Reached XP level 2. HP: 23/23 MP: 2/2
   717 | D:1      | 717 ||| UPGRADING to +0 ring mail.
   727 | D:1      | 727 ||| DROPPING +0 robe.
   728 | D:1      | 728 ||| DROPPING +0 leather armour.
   729 | D:1      | 729 ||| UPGRADING to +0 cloak.
   734 | D:1      | 734 ||| READING scroll labelled WEOMA TIANIMN.
   878 | D:2      | 878 ||| STAIRDANCE
   921 | D:2      | 921 ||| STAIRDANCE
   929 | D:1      | Reached XP level 3. HP: 20/29 MP: 3/3
  1075 | D:2      | Identified the +0 ring mail of Rotation {Dex+7}
  1258 | D:2      | Reached skill level 4 in Ranged Weapons
  1258 | D:2      | 1258 ||| FLEEEEING.
  1319 | D:2      | Reached skill level 1 in Armour
  1611 | D:2      | 1611 ||| UPGRADING to +0 ring mail of Rotation {Dex+7}.
  1621 | D:2      | 1621 ||| DROPPING +0 ring mail.
  1622 | D:2      | 1622 ||| UPGRADING to amulet of guardian spirit.
  1627 | D:2      | 1627 ||| READING 2 scrolls labelled YRAEFU IMOZO.
  1628 | D:2      | 1628 ||| DRINKING 2 brown potions.
  1657 | D:3      | Reached XP level 4. HP: 35/36 MP: 4/4
  1671 | D:3      | 1671 ||| Stepping ~*~*~tactically~*~*~ (outnumbered).
  2064 | D:3      | Noticed a scorpion
  2072 | D:3      | Killed a scorpion
  2073 | D:3      | Reached skill level 5 in Ranged Weapons
  2073 | D:3      | Reached XP level 5. HP: 22/41 MP: 3/5
  2369 | D:3      | 2369 ||| Stepping ~*~*~tactically~*~*~ (outnumbered).
  2377 | D:3      | 2377 ||| DRINKING potion of curing.
  2377 | D:3      | 2377 ||| (to cure confusion)
  2378 | D:3      | HP: 3/41 [orc wizard/magic dart (9)]
  2379 | D:3      | 2379 ||| DRINKING potion of heal wounds.
  2381 | D:3      | HP: 1/41 [orc priest/divine providence (10)]
  2382 | D:3      | Mangled by an orc

Levels and vault maps discovered:
D:1:      sevenhm_arrival_forest_fort_small_4, layout_loops_ring,
          hellmonk_ecumenical_altar_inner_sanctum, serial_park_tiny_2,
          minmay_misc_feat_rows, minmay_worlds_worst_comb
D:2:      layout_loops_ring, st_stairs_4
D:3:      layout_loops_cross, mainiacjoe_overflow_tiny_flanked

Skill      XL: |  1  2  3  4 |
---------------+-------------+-----
Ranged Weapons | 3 4 5 |  5.6
Fighting       | 2 |  2.2
Armour         | 1 |  1.0
Dodging        | |  2.1
Spellcasting   | |  1.0
Hexes          | |  2.0

Action                     |  1- 3 |  4- 6 || total
---------------------------+-------+-------++-------
   Fire: Sling             |   122 |    81 ||   203
    Use: Potion            |     2 |     2 ||     4
         Scroll            |     2 |       ||     2
 Armour: Ring mail         |    38 |    23 ||    61
         Robe              |     2 |       ||     2
  Dodge: Dodged            |    46 |    41 ||    87

Table legend:
 A = Non-vault XP
 B = Vault XP
 C = Vault XP percentage of total XP
 D = Non-vault monster count
 E = Vault monster count
 F = Vault count percentage of total count
                 A         B        C        D         E       F
            +---------+---------+-------+---------+---------+-------
      Total |     225 |      11 |   4.7 |      51 |       6 |  10.5
            +---------+---------+-------+---------+---------+-------
        D:1 |      29 |       8 |  21.6 |      16 |       4 |  20.0
        D:2 |      46 |       3 |   6.1 |      17 |       2 |  10.5
        D:3 |     150 |       0 |   0.0 |      18 |       0 |   0.0
            +---------+---------+-------+---------+---------+-------
